MAA
GLENBURN BABOONS @ SALEM MISFITS
06/04/2017
 
TOP OF THE 1ST
Glenburn Baboons batting - Pitching for Salem Misfits : RHP Josh Gardner
Pitching: RHP Josh Gardner
Batting: RHB Dustin Walker 0-0: Fly out, F8 (Line Drive, 8LM)
Batting: SHB Dan Godwin 0-0: Ball
1-0: Ground out 6-3 (Groundball, 6M)
Batting: RHB Abdurahman Paloka 0-0: Called Strike
0-1: Foul Ball, location: 2F
0-2: Ball
1-2: Strikes out swinging
Top of the 1st over - 0 run(s), 0 hit(s), 0 error(s), 0 left on base; Glenburn 0 - Salem 0
BOTTOM OF THE 1ST
Salem Misfits batting - Pitching for Glenburn Baboons : RHP Iván Castillo
Pitching: RHP Iván Castillo
Batting: RHB Ignacio García 0-0: Fly out, F9 (Flyball, 89M)
Batting: SHB Jim Unknown 0-0: Ball
1-0: Called Strike
1-1: Ground out U3 (Groundball, 3)
Batting: RHB Jim Unknown 0-0: Called Strike
0-1: Called Strike
0-2: Ball
1-2: Ground out 5-3 (Groundball, 5L)
Bottom of the 1st over - 0 run(s), 0 hit(s), 0 error(s), 0 left on base; Glenburn 0 - Salem 0
TOP OF THE 2ND
Glenburn Baboons batting - Pitching for Salem Misfits : RHP Josh Gardner
Batting: SHB Fernand Cicarelli 0-0: Fly out, F7 (Flyball, 7M)
Batting: RHB Vernon Caw 0-0: Ball
1-0: Ball
2-0: Ball
3-0: Called Strike
3-1: Foul Ball, location: 2F
3-2: Foul Ball, location: 2F
3-2: Foul Ball, location: 2F
3-2: Base on Balls
Batting: RHB Tim Martínez 0-0: Swinging Strike
0-1: Ball
1-1: Foul Ball, location: 2F
1-2: Strikes out swinging
Batting: LHB Joe McElroy 0-0: Foul Ball, location: 2F
0-1: Swinging Strike
0-2: Ball
1-2: Strikes out looking
Top of the 2nd over - 0 run(s), 0 hit(s), 0 error(s), 1 left on base; Glenburn 0 - Salem 0
BOTTOM OF THE 2ND
Salem Misfits batting - Pitching for Glenburn Baboons : RHP Iván Castillo
Batting: RHB Jim Unknown 0-0: Ball
1-0: Ball
2-0: Called Strike
2-1: Swinging Strike
2-2: Strikes out looking
Batting: RHB Jim Unknown 0-0: Ball
1-0: Ball
2-0: Swinging Strike
2-1: Ball
3-1: Base on Balls
Batting: RHB Miguel Torres 0-0: Called Strike
0-1: Ball
1-1: Ball
2-1: Ball
3-1: Foul Ball, location: 2F
3-2: Fly out, F9 (Flyball, 9LMF)
3-2: Fly out, F9 (Flyball, 9LMF)
Batting: LHB Jim Unknown 0-0: Ball
1-0: SINGLE (Line Drive, 8RS)
Jim Unknown to second
Batting: LHB Jim Unknown 0-0: Ball
1-0: Ball
2-0: Foul Ball, location: 2F
2-1: 3-RUN HOME RUN (Flyball, 89XD), Distance : 424 ft
Batting: RHB Jim Unknown 0-0: Ball
1-0: Foul Ball, location: 2F
1-1: Swinging Strike
1-2: Ball
2-2: Ball
3-2: Strikes out swinging
Bottom of the 2nd over - 3 run(s), 2 hit(s), 0 error(s), 0 left on base; Glenburn 0 - Salem 3
TOP OF THE 3RD
Glenburn Baboons batting - Pitching for Salem Misfits : RHP Josh Gardner
Batting: RHB Isaac Downey 0-0: Ball
1-0: Foul Ball, location: 2F
1-1: Ball
2-1: DOUBLE (Line Drive, 7LM)
Batting: RHB Edgar García 0-0: Called Strike
0-1: Ball
1-1: Called Strike
1-2: Ball
2-2: Ball
3-2: Strikes out looking
Batting: RHB Dustin Walker 0-0: Called Strike
0-1: Ball
1-1: Ball
2-1: Foul Ball, location: 2F
2-2: Strikes out swinging
Batting: SHB Dan Godwin 0-0: Ball
Wild Pitch!
Isaac Downey to third
1-0: Fly out, F8 (Flyball, 8LM)
Top of the 3rd over - 0 run(s), 1 hit(s), 0 error(s), 1 left on base; Glenburn 0 - Salem 3
BOTTOM OF THE 3RD
Salem Misfits batting - Pitching for Glenburn Baboons : RHP Iván Castillo
Batting: RHB Ignacio García 0-0: Ball
1-0: Swinging Strike
1-1: Ground out 6-3 (Groundball, 6)
Batting: SHB Jim Unknown 0-0: Ball
1-0: Ground out 1-3 (Groundball, 13S)
Batting: RHB Jim Unknown 0-0: Ball
1-0: Ball
2-0: Called Strike
2-1: Ground out 1-3 (Groundball, 13)
Bottom of the 3rd over - 0 run(s), 0 hit(s), 0 error(s), 0 left on base; Glenburn 0 - Salem 3
TOP OF THE 4TH
Glenburn Baboons batting - Pitching for Salem Misfits : RHP Josh Gardner
Batting: RHB Abdurahman Paloka 0-0: Foul Ball, location: 2F
0-1: Called Strike
0-2: Ball
1-2: Fly out, F2 (Popup, 2RF)
Batting: SHB Fernand Cicarelli 0-0: Ball
1-0: Ball
2-0: Called Strike
2-1: Foul Ball, location: 2F
2-2: Strikes out swinging
Batting: RHB Vernon Caw 0-0: Foul Ball, location: 2F
0-1: Hit by Pitch
Batting: RHB Tim Martínez 0-0: Ball
Wild Pitch!
Vernon Caw to second
1-0: Ball
2-0: Ball
3-0: Base on Balls
Batting: LHB Joe McElroy 0-0: Called Strike
0-1: Ball
1-1: Fly out, F9 (Flyball, 89M)
Top of the 4th over - 0 run(s), 0 hit(s), 0 error(s), 2 left on base; Glenburn 0 - Salem 3
BOTTOM OF THE 4TH
Salem Misfits batting - Pitching for Glenburn Baboons : RHP Iván Castillo
Batting: RHB Jim Unknown 0-0: DOUBLE (Line Drive, 9LS)
Batting: RHB Jim Unknown 0-0: Fly out, F4 (Popup, 4M)
Batting: RHB Miguel Torres 0-0: Ball
1-0: Ball
2-0: Fly out, F8 (Flyball, 8LM)
Batting: LHB Jim Unknown 0-0: DOUBLE (Flyball, 8RXD)
Jim Unknown scores
Batting: LHB Jim Unknown 0-0: Swinging Strike
0-1: Swinging Strike
0-2: Foul Ball, location: 2F
0-2: Fly out, F8 (Flyball, 8LM)
Bottom of the 4th over - 1 run(s), 2 hit(s), 0 error(s), 1 left on base; Glenburn 0 - Salem 4
TOP OF THE 5TH
Glenburn Baboons batting - Pitching for Salem Misfits : RHP Josh Gardner
Batting: RHB Isaac Downey 0-0: Ball
1-0: Swinging Strike
1-1: Ball
2-1: Swinging Strike
2-2: Ball
3-2: Strikes out swinging
Batting: RHB Edgar García 0-0: Ball
1-0: Fly out, F8 (Flyball, 8RS)
Batting: RHB Dustin Walker 0-0: Called Strike
0-1: Foul Ball, location: 2F
0-2: Ball
1-2: Strikes out swinging
Top of the 5th over - 0 run(s), 0 hit(s), 0 error(s), 0 left on base; Glenburn 0 - Salem 4
BOTTOM OF THE 5TH
Salem Misfits batting - Pitching for Glenburn Baboons : RHP Iván Castillo
Batting: RHB Jim Unknown 0-0: Ball
1-0: SINGLE (Flyball, 89S)
Batting: RHB Ignacio García 0-0: Called Strike
0-1: Ball
1-1: Ball
2-1: Ball
3-1: Grounds into double play, 5-4-3 (Groundball, 5)
Batting: SHB Jim Unknown 0-0: Swinging Strike
0-1: Called Strike
0-2: SINGLE (Line Drive, 56D)
Batting: RHB Jim Unknown 0-0: Called Strike
Jim Unknown steals 2nd base
0-1: SINGLE (Line Drive, 89S)
Jim Unknown to third
Runner from 3rd tries for Home, SAFE, no throw or cutoff
Pitching: RHP Steven Williams
Batting: RHB Jim Unknown 0-0: Ball
1-0: Fly out, F3 (Popup, 13S)
Bottom of the 5th over - 1 run(s), 3 hit(s), 0 error(s), 1 left on base; Glenburn 0 - Salem 5
TOP OF THE 6TH
Glenburn Baboons batting - Pitching for Salem Misfits : RHP Josh Gardner
Batting: SHB Dan Godwin 0-0: Ball
1-0: SINGLE (Line Drive, 6D)
Batting: RHB Abdurahman Paloka 0-0: Called Strike
0-1: Foul Ball, location: 2F
0-2: Grounds into double play, 6-4-3 (Groundball, 6)
Batting: SHB Fernand Cicarelli 0-0: Ball
1-0: Foul Ball, location: 2F
1-1: Called Strike
1-2: Ball
2-2: Foul Ball, location: 2F
2-2: Ground out U3 (Groundball, 3S)
Top of the 6th over - 0 run(s), 1 hit(s), 0 error(s), 0 left on base; Glenburn 0 - Salem 5
BOTTOM OF THE 6TH
Salem Misfits batting - Pitching for Glenburn Baboons : RHP Steven Williams
Batting: RHB Jim Unknown 0-0: Ball
1-0: Ball
2-0: Ball
3-0: Called Strike
3-1: Ground out 5-3 (Groundball, 5L)
Batting: RHB Miguel Torres 0-0: Swinging Strike
0-1: Ball
1-1: Foul Ball, location: 2F
1-2: Ground out U3 (Groundball, 3)
Batting: LHB Jim Unknown 0-0: Ball
1-0: Ball
2-0: SINGLE (Groundball, 4MD)
Batting: LHB Jim Unknown 0-0: Foul Ball, location: 2F
0-1: Ball
1-1: SINGLE (Groundball, 56D)
Jim Unknown to second
Batting: RHB Jim Unknown 0-0: Called Strike
0-1: Ball
1-1: Ball
2-1: Foul Ball, location: 2F
2-2: 3-RUN HOME RUN (Flyball, 78XD), Distance : 409 ft
Batting: RHB Ignacio García 0-0: Swinging Strike
0-1: Ball
1-1: Called Strike
1-2: Ground out 5-3 (Groundball, 56)
Bottom of the 6th over - 3 run(s), 3 hit(s), 0 error(s), 0 left on base; Glenburn 0 - Salem 8
TOP OF THE 7TH
Glenburn Baboons batting - Pitching for Salem Misfits : RHP Josh Gardner
Batting: RHB Vernon Caw 0-0: Called Strike
0-1: Ball
1-1: Ball
2-1: Called Strike
2-2: Strikes out looking
Batting: RHB Tim Martínez 0-0: Ball
1-0: Swinging Strike
1-1: Ball
2-1: Fly out, F9 (Flyball, 89M)
Batting: LHB Joe McElroy 0-0: Called Strike
0-1: Foul Ball, location: 2F
0-2: Ground out U3 (Groundball, 3L)
Top of the 7th over - 0 run(s), 0 hit(s), 0 error(s), 0 left on base; Glenburn 0 - Salem 8
BOTTOM OF THE 7TH
Salem Misfits batting - Pitching for Glenburn Baboons : RHP Steven Williams
Pitching: RHP Graig Bell
Batting: SHB Jim Unknown 0-0: Foul Ball, location: 2F
0-1: Foul Ball, location: 2F
0-2: Foul Ball, location: 2F
0-2: Strikes out swinging
Batting: RHB Jim Unknown 0-0: Called Strike
0-1: Ball
1-1: Called Strike
1-2: Foul Ball, location: 2F
1-2: SINGLE (Groundball, 13) (infield hit)
Batting: RHB Jim Unknown 0-0: Ball
1-0: Ball
2-0: Ball
3-0: Base on Balls
Jim Unknown to second
Batting: RHB Jim Unknown 0-0: Ball
1-0: Ball
2-0: Ball
3-0: Called Strike
3-1: Called Strike
3-2: Strikes out swinging
Batting: RHB Miguel Torres 0-0: Ball
1-0: Called Strike
1-1: Ball
2-1: Fly out, F7 (Flyball, 7M)
Bottom of the 7th over - 0 run(s), 1 hit(s), 0 error(s), 2 left on base; Glenburn 0 - Salem 8
TOP OF THE 8TH
Glenburn Baboons batting - Pitching for Salem Misfits : RHP Josh Gardner
Batting: RHB Isaac Downey 0-0: Ball
1-0: Foul Ball, location: 2F
1-1: Foul Ball, location: 2F
1-2: Ground out 6-3 (Groundball, 6)
Pitching: RHP Billy Bruce
Batting: RHB Edgar García 0-0: Foul Ball, location: 2F
0-1: Ball
1-1: Ball
2-1: Ball
3-1: Fly out, F9 (Flyball, 89M)
Batting: RHB Dustin Walker 0-0: Ball
1-0: Ball
2-0: Called Strike
2-1: Swinging Strike
2-2: Strikes out looking
Top of the 8th over - 0 run(s), 0 hit(s), 0 error(s), 0 left on base; Glenburn 0 - Salem 8
BOTTOM OF THE 8TH
Salem Misfits batting - Pitching for Glenburn Baboons : RHP Graig Bell
Pinch Hitting: SHB Jim Unknown 0-0: Fly out, F8 (Flyball, 8RM)
Batting: LHB Jim Unknown 0-0: Called Strike
0-1: Foul Ball, location: 2F
0-2: Fly out, F9 (Popup, 4D)
Batting: RHB Jim Unknown 0-0: Ball
1-0: Ball
2-0: Ball
3-0: Called Strike
3-1: Base on Balls
Batting: RHB Ignacio García 0-0: Fly out, F7 (Flyball, 78M)
Bottom of the 8th over - 0 run(s), 0 hit(s), 0 error(s), 1 left on base; Glenburn 0 - Salem 8
TOP OF THE 9TH
Glenburn Baboons batting - Pitching for Salem Misfits : RHP Billy Bruce
Now at 2B: Jim Unknown
Batting: SHB Dan Godwin 0-0: Ball
1-0: Foul Ball, location: 2F
1-1: Swinging Strike
1-2: SINGLE (Line Drive, 7LS)
Batting: RHB Abdurahman Paloka 0-0: Foul Ball, location: 2F
0-1: SINGLE (Groundball, 4D)
Dan Godwin to second
Runner from 2nd tries for 3rd, SAFE, throw made to third
Abdurahman Paloka to second
Batting: SHB Fernand Cicarelli 0-0: Ball
1-0: Ball
2-0: Foul Ball, location: 2F
Balk!
Dan Godwin scores
Abdurahman Paloka to third
2-1: Fly out, F7 (Popup, 6D)
Batting: RHB Vernon Caw 0-0: Ball
1-0: Ball
2-0: Ball
3-0: Base on Balls
Batting: RHB Tim Martínez 0-0: Ball
1-0: Swinging Strike
1-1: Swinging Strike
1-2: Grounds into double play, U4-3 (Groundball, 4M)
Top of the 9th over - 1 run(s), 2 hit(s), 0 error(s), 1 left on base; Glenburn 1 - Salem 8
This league is powered by Out of the Park Baseball, the baseball management simulation game for PC, Mac and Linux
Saturday, February 27th, 2021 - OOTP Baseball 15.6 Build 34